 Dungeon Sprint DCSS version 0.26-a0-660-gc07710193c (webtiles) character file.

Game seed: 18423656876557574933

37 sahdkjhfkaj the Conjurer (level 3, -3/25 HPs)
             Began as an Octopode Conjurer on Oct 6, 2020.
             Was a Believer of Sif Muna.
             Slain by a fire bat (5 damage)
             ... in the Dungeon (Sprint VII: "The Pits").
             The game lasted 00:01:28 (421 turns).

sahdkjhfkaj the Conjurer (Octopode Conjurer)         Turns: 421, Time: 00:01:29

Health: -3/25      AC:  1    Str:  6    XL:     3   Next: 39%
Magic:  4/7        EV: 14    Int: 21    God:    Sif Muna [**....]
Gold:   0          SH:  0    Dex: 10    Spells: 5/8 levels left

rFire    . . .     SeeInvis .   b - +2 long sword (holy)
rCold    . . .     Faith    .   (no shield)
rNeg     . . .     Spirit   .   (helmet restricted)
rPois    .         Reflect  .   (no amulet)
rElec    .         Harm     .   (no ring)
rCorr    .         Rampage  .   (no ring)
MR       .....     NoTele   +   (no ring)
Stlth    +++.......             (no ring)
HPRegen  0.08/turn              (no ring)
MPRegen  0.10/turn              (no ring)
                                (no ring)
                                (no ring)

@: no status effects
A: almost no armour, stealthy swim, amphibious, 8 rings, constrict 8, camouflage
1, gelatinous body 1
a: Channel Magic, Renounce Religion


You were in the Dungeon.
You worshipped Sif Muna.
Sif Muna was pleased with you.
You visited 1 branch

Inventory:

Hand Weapons
 b - a +2 long sword of holy wrath (weapon)
Scrolls
 g - a scroll of blinking
 i - 3 scrolls of remove curse
 j - 5 scrolls of amnesia
 k - a scroll of summoning
 l - 2 scrolls of vulnerability
Potions
 a - 5 potions of curing
 c - 6 potions of heal wounds
 d - a potion of haste
 e - 4 potions of magic
 f - 2 potions of berserk rage
 h - 2 potions of invisibility


   Skills:
 + Level 2.9 Fighting
 + Level 3.7 Dodging
 - Level 2.6 Stealth
 + Level 3.4 Spellcasting
 + Level 5.1 Conjurations


You had 5 spell levels left.
You knew the following spells:

 Your Spells              Type           Power        Failure   Level
a - Magic Dart            Conj           ####         1%          1
b - Searing Ray           Conj           ####..       2%          2

Your spell library contained the following spells:

 Spells                   Type           Power        Failure   Level
 Dazzling Flash           Conj/Hex       ##....       13%         3
 Fulminant Prism          Conj/Hex       ##........   41%         4
 Iskenderun's Mystic Bla  Conj/Tloc      ##......     41%         4


Dungeon Overview and Level Annotations

Branches:
Dungeon (1/1)

Altars:
Ashenzari
Cheibriados
Dithmenos
Elyvilon
Fedhas
Gozag
Hepliaklqana
Kikubaaqudgha
Makhleb
Nemelex Xobeh
Okawaru
Qazlal
Ru
Sif Muna
Trog
Uskayaw
Vehumet
Wu Jian
Xom
Yredelemnul
Zin
The Shining One
Beogh
Jiyva
Lugonu


Innate Abilities, Weirdness & Mutations

You cannot wear most types of armour.
You are very stealthy in the water. (Stealth+)
You are amphibious.
You can wear up to eight rings at the same time.
You can use your tentacles to constrict eight enemies at once.
Your skin changes colour to match your surroundings (Stealth+).
Your rubbery body absorbs attacks. (AC +1, EV +1)


Message History

A fire bat comes into view.
The fire bat bites you.
You are engulfed in flames.
The fire bat misses you.
Casting: Magic Dart (safe; 1% risk of failure)
Confirm with . or Enter, or press ? or * to list all spells.
Aiming: Searing Ray (safe; 2% risk of failure)
Press: ? - help, Shift-Dir - straight line, f/p - bullfrog
Aim: a bullfrog (moderately wounded)
The searing ray hits the fire bat.
The fire bat is moderately wounded.
The searing ray hits the bullfrog!
The bullfrog is severely wounded. (Press . to maintain the ray.)
The fire bat completely misses you. The fire bat bites you.
You are engulfed in flames!
* * * LOW HITPOINT WARNING * * *
The fire bat bites you.
* * * LOW HITPOINT WARNING * * *
You are engulfed in flames.
You die...

#.......)...'.....
#'#####'#####.....
#.#†..#)#..##.....
#.#...#.#))#####'#
#.#...'.#))##.....
#.##)####))##.....
#.#..)..#[[##.....
#.#.....#'###...<.
#@#...)....##.....
#b#........##.....
#'###########.....
#.F..F..# ######
#..#.#..# #.## #
#.. #.# #..


You could see a fire bat and a bullfrog.

Vanquished Creatures
  2 gnolls (D)
  A river rat (D)
  An orc (D)
  A bat (D)
  A giant cockroach (D)
  A hobgoblin (D)
  A kobold (D)
  A rat (D)
9 creatures vanquished.

Notes
Turn   | Place    | Note
-------+----------+-------------------------------------------
     0 | D        | sahdkjhfkaj the Octopode Conjurer began the quest for the
                  | Orb.
     0 | D        | Reached XP level 1. HP: 11/11 MP: 3/3
   116 | D        | Found a bloodstained altar of Trog.
   116 | D        | Found a shimmering blue altar of Sif Muna.
   116 | D        | Found a viscous altar of Jiyva.
   116 | D        | Found a hazy altar of Hepliaklqana.
   116 | D        | Found an opulent altar of Gozag.
   117 | D        | Found a glowing golden altar of the Shining One.
   117 | D        | Found a glowing silver altar of Zin.
   117 | D        | Found a basalt altar of Yredelemnul.
   117 | D        | Found a shimmering altar of Xom.
   117 | D        | Found an ornate altar of the Wu Jian Council.
   117 | D        | Found a sacrificial altar of Ru.
   117 | D        | Found a stormy altar of Qazlal.
   117 | D        | Found an iron altar of Okawaru.
   117 | D        | Found a sparkling altar of Nemelex Xobeh.
   117 | D        | Found a burning altar of Makhleb.
   117 | D        | Found a blossoming altar of Fedhas.
   117 | D        | Found a white marble altar of Elyvilon.
   117 | D        | Found a shadowy altar of Dithmenos.
   117 | D        | Found a snail-covered altar of Cheibriados.
   118 | D        | Found a radiant altar of Vehumet.
   118 | D        | Found a corrupted altar of Lugonu.
   118 | D        | Found a roughly hewn altar of Beogh.
   119 | D        | Found a hide-covered altar of Uskayaw.
   119 | D        | Found an ancient bone altar of Kikubaaqudgha.
   119 | D        | Found a broken altar of Ashenzari.
   125 | D        | Became a worshipper of Sif Muna the Loreminder
   165 | D        | Reached skill level 1 in Fighting
   165 | D        | Reached XP level 2. HP: 19/19 MP: 1/5
   224 | D        | Learned a level 2 spell: Searing Ray
   229 | D        | Reached * piety under Sif Muna
   231 | D        | Reached skill level 5 in Conjurations
   231 | D        | Reached XP level 3. HP: 18/25 MP: 3/7
   320 | D        | Reached ** piety under Sif Muna
   417 | D        | Noticed a bullfrog
   418 | D        | Noticed a fire bat
   421 | D        | Slain by a fire bat

Illustrated notes

Levels and vault maps discovered:
D:        pitsprint [storerooms_1, entrance_room_1, metal_vault_1, armoury_2,
          mini_pit_1, grid_room_1, main_hall_1, silver_pit, the_coven_3,
          the_vestibule_1, steel_vault_5, golden_pit, hallway_of_sentries,
          crystal_vault_1, iron_vault_1, final_vault]

Skill      XL: |  1  2 |
---------------+-------+-----
Fighting       | 1 2 |  2.9
Dodging        | 3 |  3.7
Spellcasting   | 3 |  3.4
Conjurations   | 5 |  5.1
Stealth        | |  2.6

Action                   || total
-------------------------++-------
Melee: Unarmed           ||     4
       Falchion          ||     4
       Constrict         ||     3
 Cast: Magic Dart        ||     6
       Searing Ray       ||     3
  Use: Potion            ||     2
Dodge: Dodged            ||     7
       Rpst.: Falchion   ||     1

Table legend: (Time is in decaauts)
 A = Elapsed time spent in this place.
 B = Non-inter-level travel time spent in this place.
 C = Inter-level travel time spent in this place.
 D = Time resting spent in this place.
 E = Time spent auto-exploring this place.
 F = Levels seen in this place.
 G = Mean time per level.
                   A        B        C        D        E       F      G
               +--------+--------+--------+--------+--------+-----+--------+
         Total |    426 |    404 |     22 |    277 |      0 |   1 |  426.0 |
       Dungeon |    426 |    404 |     22 |    277 |      0 |   1 |  426.0 |
               +--------+--------+--------+--------+--------+-----+--------+

Top non-repeatable levels by time:
       D: 426 daAuts
